[Event "WYCC 2018 O14"]
[Site "Halkidiki"]
[Date "2018.10.28"]
[Round "9"]
[White "Nguyen, Huynh Minh Thien"]
[Black "Kouvidis, Ioannis"]
[Result "1-0"]
[ECO "A05"]
[WhiteElo "1996"]
[BlackElo "1896"]
[Annotator "NA"]
[PlyCount "167"]
[EventDate "2018.10.20"]
[EventType "swiss"]
[EventCountry "GRE"]
[SourceTitle "playchess.com"]
[Source "ChessBase"]
[SourceQuality "1"]
[TimeControl "40/5400+30:1800+30"]

1. Nf3 Nf6 2. g3 g6 3. Bg2 Bg7 4. O-O d6 5. d4 O-O 6. Re1 Nbd7 7. e4 e5 8. c3 Re8 9. Nbd2 b6 10. Qc2 Bb7 11. a4 d5 12. exd5 exd4 13. Rxe8+ Qxe8 14. c4 c5 15. dxc6 Bxc6 16. Nxd4 Bxg2 17. Kxg2 Ng4 18. N2f3 Nc5 19. h3 Ne5 20. Nxe5 Bxe5 21. Nf3 Qc6 22. Be3 Ne6 23. Rd1 Bf6 24. b3 Bg5 25. Bxg5 Nxg5 26. Rd5 Nxf3 27. Kxf3 a6 28. Kg2 Rc8 29. Qd3 h5 30. h4 Re8 31. Kh2 Qf6 32. Qd4 Qxd4 33. Rxd4 Re6 34. Kg2 a5 35. Kf3 Kf8 36. Re4 Rd6 37. Ke3 Rd1 38. Rd4 Rb1 39. Rd3 Ke7 40. Kd4 Kd6 41. Kc3+ Kc6 42. Rf3 f5 43. Rd3 Rf1 44. Rd2 Rc1+ 45. Kd4 Re1 46. Rd3 Re4+ 47. Kc3 Re2 48. Rd2 Re1 49. b4 Rc1+ 50. Kb3 axb4 51. Kxb4 Rb1+ 52. Kc3 Ra1 53. Kb3 Rb1+ 54. Rb2 Rc1 55. Kb4 Ra1 56. Re2 Rb1+ 57. Kc3 Kd6 58. Rb2 Rc1+ 59. Kd2 Rxc4 60. Rxb6+ Ke5 61. Rxg6 Rxa4 62. Ke2 f4 63. Kf3 Ra3+ 64. Kg2 f3+ 65. Kh3 Ra2 66. Rg5+ Kf6 67. Rxh5 Rxf2 68. Kg4 Kg6 69. Rg5+ Kh6 70. Rf5 Kg6 71. Rxf3 Ra2 72. h5+ Kh6 73. Rf6+ Kg7 74. Rb6 Ra4+ 75. Kg5 Ra5+ 76. Kh4 Ra1 77. g4 Rc1 78. Rb7+ Kf6 79. Rb6+ Kg7 80. h6+ Kh7 81. Kh5 Rc5+ 82. g5 Ra5 83. Rb7+ Kh8 84. Re7 1-0

[Event "WYCC 2018 O14"]
[Site "Halkidiki"]
[Date "2018.10.28"]
[Round "9"]
[White "Chatzieleftheriou, Andreas"]
[Black "Turgut, Aydin"]
[Result "1/2-1/2"]
[ECO "C68"]
[WhiteElo "1984"]
[BlackElo "2156"]
[Annotator "NA"]
[PlyCount "139"]
[EventDate "2018.10.20"]
[EventType "swiss"]
[EventCountry "GRE"]
[SourceTitle "playchess.com"]
[Source "ChessBase"]
[SourceQuality "1"]
[TimeControl "40/5400+30:1800+30"]

1. e4 e5 2. Nf3 Nc6 3. Bb5 a6 4. Bxc6 dxc6 5. Nc3 f6 6. d4 exd4 7. Qxd4 Qxd4 8. Nxd4 Bd6 9. Be3 Ne7 10. O-O-O O-O 11. Nb3 Re8 12. Bc5 Bf4+ 13. Kb1 Ng6 14. f3 Ne5 15. Bf2 Nc4 16. Bg3 Bxg3 17. hxg3 b6 18. g4 h6 19. Rhe1 Kf7 20. Nc1 Be6 21. b3 Ne5 22. Nd3 a5 23. Nxe5+ fxe5 24. Rd2 Kf6 25. a4 Rab8 26. Kc1 Rh8 27. g3 Ke7 28. Re3 Rbf8 29. Nd1 h5 30. gxh5 Rxh5 31. Nf2 Bc8 32. Nd3 Rd8 33. Rf2 Ba6 34. f4 Bxd3 35. cxd3 Rf8 36. Ref3 Rh1+ 37. Kc2 exf4 38. gxf4 Rg1 39. f5 Kd6 40. f6 gxf6 41. Rxf6+ Rxf6 42. Rxf6+ Kc5 43. Rf7 Kb4 44. Rxc7 Rg2+ 45. Kd1 c5 46. Rc6 Kxb3 47. Rxb6+ Kc3 48. Rd6 Rd2+ 49. Kc1 c4 50. Rd5 Re2 51. Kd1 cxd3 52. Rxa5 Rh2 53. Rc5+ Kd4 54. Rg5 Rh1+ 55. Kd2 Rh2+ 56. Kd1 Ra2 57. a5 Ra1+ 58. Kd2 Ra2+ 59. Kd1 Kc4 60. Rd5 Kc3 61. Rc5+ Kd4 62. Rh5 Kxe4 63. Rh4+ Ke3 64. Rh3+ Kd4 65. Rh8 Rxa5 66. Rd8+ Ke4 67. Re8+ Re5 68. Rxe5+ Kxe5 69. Kd2 Kd4 70. Kd1 1/2-1/2

[Event "WYCC 2018 O14"]
[Site "Halkidiki"]
[Date "2018.10.28"]
[Round "9"]
[White "Gaal, Zsoka"]
[Black "Muntean, Victor"]
[Result "1-0"]
[ECO "A49"]
[WhiteElo "1976"]
[BlackElo "1876"]
[Annotator "NA"]
[PlyCount "83"]
[EventDate "2018.10.20"]
[EventType "swiss"]
[EventCountry "GRE"]
[SourceTitle "playchess.com"]
[Source "ChessBase"]
[SourceQuality "1"]
[TimeControl "40/5400+30:1800+30"]

1. d4 Nf6 2. Nf3 g6 3. g3 Bg7 4. Bg2 O-O 5. O-O d6 6. b3 c5 7. c4 Nc6 8. Bb2 a6 9. d5 Na5 10. Nbd2 b5 11. Rc1 e6 12. dxe6 fxe6 13. Bc3 Bb7 14. Ng5 Bxg2 15. Nxe6 Qe7 16. Kxg2 Nxb3 17. Nxf8 Nxc1 18. Bxf6 Qxf6 19. Nxh7 Kxh7 20. Qxc1 bxc4 21. Qxc4 Qd4 22. Qxd4 Bxd4 23. e3 Bf6 24. Rb1 Ra7 25. e4 Bd8 26. Nc4 Bc7 27. f4 Kg7 28. Kf3 Kf7 29. g4 Ke6 30. f5+ gxf5 31. gxf5+ Kd7 32. h4 Ra8 33. h5 Kc6 34. Ne3 Rh8 35. Rh1 Bd8 36. Nd5 c4 37. h6 Rh7 38. Kg4 Kd7 39. Kh5 Rh8 40. Kg6 Rg8+ 41. Kf7 Rh8 42. Kg7 1-0

[Event "WYCC 2018 O14"]
[Site "Halkidiki"]
[Date "2018.10.28"]
[Round "9"]
[White "Tombolis, Christopher"]
[Black "Abelakiotis, Stavros"]
[Result "1/2-1/2"]
[ECO "E46"]
[WhiteElo "1882"]
[BlackElo "1994"]
[Annotator "NA"]
[PlyCount "149"]
[EventDate "2018.10.20"]
[EventType "swiss"]
[EventCountry "GRE"]
[SourceTitle "playchess.com"]
[Source "ChessBase"]
[SourceQuality "1"]
[TimeControl "40/5400+30:1800+30"]

1. d4 Nf6 2. c4 e6 3. Nc3 Bb4 4. e3 O-O 5. Nge2 d5 6. a3 Be7 7. cxd5 exd5 8. Nf4 c6 9. Bd3 Na6 10. O-O Nc7 11. h3 Re8 12. Qc2 h6 13. b4 Bd6 14. b5 cxb5 15. Bxb5 Nxb5 16. Nxb5 b6 17. Nxd6 Qxd6 18. a4 Ba6 19. Ba3 Qd7 20. Rfc1 Rac8 21. Qd1 Rxc1 22. Rxc1 Bc4 23. a5 bxa5 24. Nd3 Bxd3 25. Qxd3 Rc8 26. Rxc8+ Qxc8 27. Bc5 Ne4 28. Qa3 Qc7 29. h4 h5 30. Qa4 Kh7 31. Qb5 g6 32. Qe8 Nf6 33. Qf8 Qd7 34. g3 a4 35. Bd6 Qe8 36. Kf1 Qb5+ 37. Ke1 Qd7 38. Ke2 Qb5+ 39. Ke1 Qe8 40. Kd1 Qxf8 41. Bxf8 Ne4 42. Ke2 a5 43. f3 Nxg3+ 44. Kf2 Nf5 45. Bc5 a3 46. Bxa3 f6 47. Bc5 Kg7 48. e4 dxe4 49. fxe4 Nxh4 50. d5 Kf7 51. d6 Ke6 52. Bd4 a4 53. Kg3 g5 54. d7 Kxd7 55. Bxf6 Ke6 56. Bxg5 Ng6 57. Bc1 h4+ 58. Kf3 Kd6 59. Ba3+ Kc6 60. Kg4 Kb5 61. Bd6 Kc4 62. Ba3 Kd4 63. Kf3 Ne5+ 64. Kf4 Nd3+ 65. Kg4 Kxe4 66. Kxh4 Kd4 67. Kg3 Kc3 68. Kf3 Kb3 69. Be7 Nb4 70. Ke2 a3 71. Kd2 a2 72. Bf6 Nc2 73. Be5 Na3 74. Bf6 a1=Q 75. Bxa1 1/2-1/2

[Event "WYCC 2018 O14"]
[Site "Halkidiki"]
[Date "2018.10.29"]
[Round "10"]
[White "Kacharava, Nikolozi"]
[Black "Huang, Renjie"]
[Result "1-0"]
[ECO "B76"]
[WhiteElo "2373"]
[BlackElo "2322"]
[Annotator "NA"]
[PlyCount "101"]
[EventDate "2018.10.20"]
[EventType "swiss"]
[EventCountry "GRE"]
[SourceTitle "playchess.com"]
[Source "ChessBase"]
[SourceQuality "1"]
[TimeControl "40/5400+30:1800+30"]

1. e4 c5 2. Nf3 d6 3. d4 cxd4 4. Nxd4 Nf6 5. Nc3 g6 6. Be3 Bg7 7. f3 O-O 8. Qd2 Nc6 9. g4 e6 10. O-O-O d5 11. g5 {[%emt 0:02:43] B76: Sizilianisch (Moderne Drachen-Variante)} Nh5 $1 {[%emt 0:00:30] LiveBook: 10 Partien} 12. Nb3 d4 $146 13. Nxd4 Nxd4 14. Bxd4 Bxd4 15. Qxd4 Qxg5+ 16. Qd2 Qf6 17. Qe3 b6 18. e5 Qf4 19. Qxf4 Nxf4 20. Rd4 Nh5 21. Be2 Bb7 22. Rhd1 Ng7 23. Nb5 Nf5 24. R4d2 Ne3 $11 25. Re1 Ng2 26. Rf1 Nf4 27. Nd6 Bd5 28. c4 Bc6 29. b4 Rad8 30. c5 bxc5 31. bxc5 Rb8 32. Bc4 Rb4 33. Rb2 Ra4 34. Kd2 Rd8 35. Ke3 Rxd6 36. cxd6 Rxc4 37. Rb8+ Kg7 38. Rc8 Nd5+ 39. Kf2 Rc2+ 40. Kg3 Ne3 41. Re1 Nf5+ 42. Kh3 Rc3 43. Rxc6 Rxf3+ 44. Kg2 Rd3 45. Rcc1 Kf8 46. Kh1 Nd4 47. Rc8+ Kg7 48. d7 Nf3 49. Rf1 Nxh2 50. d8=Q Rxd8 51. Rxd8 1-0

[Event "WYCC 2018 O14"]
[Site "Halkidiki"]
[Date "2018.10.29"]
[Round "10"]
[White "Murzin, Volodar"]
[Black "Krallis, Christos"]
[Result "1-0"]
[ECO "C50"]
[WhiteElo "2340"]
[BlackElo "2139"]
[Annotator "NA"]
[PlyCount "75"]
[EventDate "2018.10.20"]
[EventType "swiss"]
[EventCountry "GRE"]
[SourceTitle "playchess.com"]
[Source "ChessBase"]
[SourceQuality "1"]
[TimeControl "40/5400+30:1800+30"]

1. e4 e5 2. Nf3 Nc6 3. Bc4 Bc5 4. O-O Nf6 5. d3 d6 6. c3 a6 7. a4 {[%emt 0:02:27] C54: Italienische Partie (Hauptvariante)} Ba7 8. Nbd2 h6 9. Re1 g5 10. Nf1 g4 11. N3d2 {[%emt 0:06:44] LiveBook: 6 Games} h5 12. Ne3 h4 13. Ndf1 Rg8 {[%emt 0:00:16] [#]} 14. g3 $146 ({Vorgänger:} 14. b4 Be6 15. Bxe6 fxe6 {1-0 (37) Demchenko,A (2672)-Bologan,V (2600) Batumi 2018}) 14... Be6 15. Bxe6 fxe6 16. b4 hxg3 17. fxg3 Ne7 18. b5 Qd7 $11 19. bxa6 bxa6 20. Ra2 d5 21. Rf2 Rg6 22. Kh1 dxe4 23. Rxf6 Rxf6 24. Nxg4 Rf7 25. dxe4 Qd6 26. Qe2 Rd8 27. Be3 Bxe3 28. Nfxe3 Ng6 29. Nc4 Qc5 30. Nge3 Ke7 31. Qh5 Rg8 32. Rd1 Qc6 33. Qg5+ Rf6 34. Ng4 Qxe4+ 35. Kg1 Rgf8 36. Nce3 R8f7 37. Nxf6 Rxf6 38. Ng4 1-0

[Event "WYCC 2018 O14"]
[Site "Halkidiki"]
[Date "2018.10.29"]
[Round "10"]
[White "Stoyanov, Tsvetan"]
[Black "Ngo, Duc Tri"]
[Result "1-0"]
[ECO "C50"]
[WhiteElo "2340"]
[BlackElo "1883"]
[Annotator "NA"]
[PlyCount "97"]
[EventDate "2018.10.20"]
[EventType "swiss"]
[EventCountry "GRE"]
[SourceTitle "playchess.com"]
[Source "ChessBase"]
[SourceQuality "1"]
[TimeControl "40/5400+30:1800+30"]

1. e4 e5 2. Nf3 Nc6 3. Bc4 Bc5 4. d3 d6 5. a4 Be6 6. Bxe6 fxe6 7. c3 d5 (7... a5 $11) 8. Qe2 a5 $14 9. O-O Nf6 10. Na3 Qe7 11. Nb5 O-O 12. Bg5 Bb6 13. Bh4 Rad8 14. d4 dxe4 15. Nxe5 Rd5 16. Ng4 Nd8 17. c4 Rxd4 18. Nxf6+ gxf6 19. Nxd4 Bxd4 20. Ra3 Kh8 21. Rb3 Qc5 22. Rb5 Qc6 23. Rd1 e5 24. Rd5 Ne6 25. Qxe4 Qxc4 26. Qf3 f5 27. b3 Qc6 28. Rxa5 e4 29. Qh5 Qc2 30. Rf1 Ng7 31. Qd1 Qc3 32. Rd5 c5 33. Rd7 f4 34. Kh1 Nf5 35. Qh5 Bg7 36. Rf7 Qe5 37. Rxf8+ Bxf8 38. Qf7 Bg7 39. Rd1 Nd4 40. Qxb7 h6 41. a5 Qh5 42. Qa8+ Kh7 43. Qxe4+ Kg8 44. f3 Qf7 45. a6 Qxb3 46. Rb1 Qa4 47. Rb8+ Kf7 48. Qe8+ Qxe8 49. Rxe8 1-0

[Event "WYCC 2018 O14"]
[Site "Halkidiki"]
[Date "2018.10.29"]
[Round "10"]
[White "Nogerbek, Kazybek"]
[Black "Subelj, Jan"]
[Result "1/2-1/2"]
[ECO "C97"]
[WhiteElo "2316"]
[BlackElo "2281"]
[Annotator "ChessBase"]
[PlyCount "157"]
[EventDate "2018.10.20"]
[EventType "swiss"]
[EventCountry "GRE"]
[SourceTitle "playchess.com"]
[Source "ChessBase"]
[SourceQuality "1"]
[TimeControl "40/5400+30:1800+30"]

1. e4 e5 2. Nf3 Nc6 3. Bb5 a6 4. Ba4 Nf6 5. O-O Be7 6. Re1 b5 7. Bb3 d6 8. c3 O-O 9. h3 Na5 10. Bc2 c5 11. d4 Qc7 12. d5 Nc4 13. a4 Bd7 14. b3 Na5 15. axb5 axb5 16. Nbd2 g6 17. Nf1 Nh5 18. Bh6 Rfc8 19. Ra2 Ra7 20. Qa1 Rca8 21. Qb2 Nb7 22. Rea1 Nd8 23. b4 c4 24. Be3 Rxa2 25. Rxa2 Rxa2 26. Qxa2 f5 27. N3d2 Qb7 28. f3 Bf6 29. Qa7 Nf4 30. Qxb7 Nxb7 31. Nb1 h5 32. Ng3 Bg5 33. Bd2 h4 34. Nf1 Kf7 35. Kf2 Kf6 36. Be3 Nh5 37. Nbd2 Bf4 38. Nb1 Nd8 39. Nbd2 Nf7 40. Ke2 Ng3+ 41. Kf2 Kg5 42. Bb6 Kf6 43. Be3 Ng5 44. Bb1 Ke7 45. Bc2 Nh7 46. Nxg3 hxg3+ 47. Ke2 Nf6 48. Nf1 Nh5 49. Bb6 Bg5 50. Ne3 f4 51. Ng4 Ng7 52. Bc7 Ne8 53. Bb6 Bc8 54. Bd1 Ba6 55. Ke1 Bc8 56. Bc2 Ng7 57. Bc7 Bd7 58. Ke2 Be8 59. Ke1 Kd7 60. Bb6 Kc8 61. Ke2 Kb7 62. Ba5 Bd7 63. Bb1 Ne8 64. Bc2 Bxg4 65. hxg4 Nf6 66. Bb1 Nd7 67. Bc2 Be7 68. Bd1 Ka6 69. Bc7 g5 70. Bc2 Nf8 71. Bd1 Ng6 72. Bc2 Kb7 73. Ba5 Nh4 74. Kf1 Ng6 75. Ke2 Nf8 76. Bb1 Nd7 77. Bc2 Nb6 78. Bxb6 Kxb6 79. Kd2 1/2-1/2

[Event "WYCC 2018 O14"]
[Site "Halkidiki"]
[Date "2018.10.29"]
[Round "10"]
[White "Krastev, Alexander"]
[Black "Kushagra Mohan"]
[Result "1-0"]
[ECO "E91"]
[WhiteElo "2298"]
[BlackElo "2283"]
[Annotator "NA"]
[PlyCount "65"]
[EventDate "2018.10.20"]
[EventType "swiss"]
[EventCountry "GRE"]
[SourceTitle "playchess.com"]
[Source "ChessBase"]
[SourceQuality "1"]
[TimeControl "40/5400+30:1800+30"]

1. d4 Nf6 2. c4 g6 3. Nc3 Bg7 4. e4 d6 5. Nf3 O-O 6. Be2 Bg4 7. O-O Nfd7 8. Be3 Nc6 9. d5 Bxf3 10. gxf3 {[%emt 0:06:56] LiveBook: 10 Games} Na5 11. Rc1 c5 {[%emt 0:02:24] E91: King's Indian: Classical: 6 Be2, unusual replies including 6...c5 and 6...Bg4} 12. f4 $146 ({Predecessor:} 12. Kh1 f5 13. f4 Nf6 14. exf5 gxf5 15. Rg1 Kh8 16. Bd3 Qd7 17. Qf3 e6 18. Qh3 exd5 19. Bxf5 Qf7 20. Nxd5 h6 21. Rxg7 Qxg7 22. Rg1 Nxc4 23. Rxg7 Kxg7 24. Qg2+ Kh8 25. Qg6 {1-0 (25) Grischuk,A (2760)-Barthel,A (2230) Mainz 2010}) 12... a6 13. a3 (13. b3 $16) 13... b6 14. Kh1 f5 15. f3 Rc8 16. Bd3 $16 Qe8 17. Qc2 e6 18. Rce1 exd5 19. Nxd5 fxe4 20. fxe4 Nc6 21. Qg2 Kh8 22. Rf3 b5 23. Rh3 Qe6 24. f5 gxf5 25. exf5 Rxf5 26. Rxh7+ Kxh7 27. Qh3+ Kg8 28. Bxf5 Qe5 29. Bxd7 Qe4+ 30. Qg2 Qxg2+ 31. Kxg2 Rb8 32. Bxc6 bxc4 33. Rb1 1-0

[Event "WYCC 2018 O14"]
[Site "Halkidiki"]
[Date "2018.10.29"]
[Round "10"]
[White "Avila Pavas, Santiago"]
[Black "Suleymanli, Aydin"]
[Result "0-1"]
[ECO "D02"]
[WhiteElo "2277"]
[BlackElo "2313"]
[Annotator "NA"]
[PlyCount "120"]
[EventDate "2018.10.20"]
[EventType "swiss"]
[EventCountry "GRE"]
[SourceTitle "playchess.com"]
[Source "ChessBase"]
[SourceQuality "1"]
[TimeControl "40/5400+30:1800+30"]

1. d4 d5 2. Nf3 Nf6 3. g3 Bf5 4. Bg2 e6 5. O-O Be7 6. c4 c6 7. Nc3 O-O 8. b3 Nbd7 9. Bb2 Ne4 10. Nd2 Nxc3 11. Bxc3 Nf6 {[%emt 0:00:09] LiveBook: 11 Games D11: Damengambit (Slawische Verteidigung)} 12. Bb2 (12. Re1 a5 13. e4 dxe4 14. Nxe4 Qb6 15. d5 Bxe4 16. Bxe4 cxd5 17. cxd5 Rfd8 18. Bxf6 Bxf6 19. Rc1 exd5 {0-1 (43) Bayer,B (2421)-Landa,K (2615) Porto Mannu 2017}) 12... a5 13. f3 $146 ({Vorgänger:} 13. c5 Qc7 14. Nf3 Nd7 15. Rc1 Bf6 16. Nd2 e5 17. e4 dxe4 18. Nxe4 Bxe4 19. Bxe4 exd4 20. Bxd4 {0-1 (44) Jentsch,K (2185)-Fischdick,G (2280) Germany 1993}) 13... c5 14. e4 dxe4 15. fxe4 Bg4 16. Qe1 cxd4 17. e5 Nd7 18. Bxd4 Nc5 19. Qe3 Bg5 20. Rf4 Rc8 21. Bxc5 Rxc5 22. Qxc5 Bxf4 23. gxf4 Qxd2 24. Qf2 Qc3 25. Rf1 Rd8 26. Qh4 Qd4+ 27. Kh1 Bf5 28. Rg1 h6 29. h3 b6 30. Bf3 Be4 31. Qg3 g6 32. Qg2 Bd3 33. Qd2 Bf5 34. Qxd4 Rxd4 35. Rd1 Rxf4 36. Bg2 Be4 37. Kg1 Bxg2 38. Kxg2 Rf5 39. Rd6 Rxe5 40. a4 Re3 41. Rxb6 Kg7 42. c5 Kf6 43. c6 Rc3 44. h4 Ke5 45. Rb5+ Kf4 46. Rxa5 Rxc6 47. Ra7 f5 48. a5 e5 49. b4 e4 50. b5 Rc2+ 51. Kf1 e3 52. b6 Kf3 53. Kg1 e2 54. Re7 Rc1+ 55. Kh2 Rb1 56. Re5 f4 57. Re6 g5 58. hxg5 hxg5 59. a6 g4 60. Rxe2 g3+ 0-1

[Event "WYCC 2018 O14"]
[Site "Halkidiki"]
[Date "2018.10.29"]
[Round "10"]
[White "Manafov, Vugar"]
[Black "Mishra, Abhimanyu"]
[Result "1-0"]
[ECO "D37"]
[WhiteElo "2245"]
[BlackElo "2149"]
[Annotator "NA"]
[PlyCount "133"]
[EventDate "2018.10.20"]
[EventType "swiss"]
[EventCountry "GRE"]
[SourceTitle "playchess.com"]
[Source "ChessBase"]
[SourceQuality "1"]
[TimeControl "40/5400+30:1800+30"]

1. Nf3 d5 2. d4 Nf6 3. c4 e6 4. Nc3 Be7 5. Bf4 O-O 6. e3 c5 7. dxc5 Bxc5 {[%emt 0:01:27] LiveBook: 2367 Games} 8. cxd5 Nxd5 9. Nxd5 exd5 10. Bd3 Bb6 11. O-O Nc6 $14 12. Ne5 Nxe5 13. Bxe5 Re8 14. Bc3 Qg5 15. Qf3 Bc7 16. h3 Be6 17. Bd4 f6 18. Rac1 Be5 19. Rc5 Bxd4 20. exd4 Rac8 21. Re1 Rxc5 22. dxc5 Bf7 23. Rxe8+ Bxe8 24. b4 Qe5 25. Qg4 Qe1+ 26. Kh2 Qe7 27. f4 g6 28. Qf3 Bf7 29. Qf2 h6 30. b5 Qc7 31. Qd4 Kg7 32. g3 Be6 33. h4 h5 34. Qc3 Bd7 35. Kg2 Be8 36. Kf2 Bd7 37. Ke3 Kf7 38. Kd2 Qc8 39. Qd4 Be6 40. a4 Qc7 41. Qc3 Bf5 42. Bxf5 gxf5 43. Qd4 Ke6 44. Kc2 a6 45. bxa6 bxa6 46. Qb4 Kd7 47. Kd3 Kc8 48. Qb6 Qg7 49. Qxa6+ Kb8 50. Qb6+ Kc8 51. Qe6+ Kc7 52. Qe1 Kb7 53. Kd4 Qd7 54. Qa5 Qg7 55. Qb6+ Kc8 56. c6 Qe7 57. Qb7+ Qxb7 58. cxb7+ Kxb7 59. Kxd5 Kb6 60. Ke6 Ka5 61. Kxf5 Kxa4 62. g4 hxg4 63. Kxg4 Kb5 64. h5 Kc6 65. h6 Kd7 66. h7 Ke6 67. h8=Q 1-0

[Event "WYCC 2018 O14"]
[Site "Halkidiki"]
[Date "2018.10.29"]
[Round "10"]
[White "Boyer, Mahel"]
[Black "Antonica, Dragos-Andrei"]
[Result "0-1"]
[ECO "E24"]
[WhiteElo "2227"]
[BlackElo "2061"]
[Annotator "NA"]
[PlyCount "74"]
[EventDate "2018.10.20"]
[EventType "swiss"]
[EventCountry "GRE"]
[SourceTitle "playchess.com"]
[Source "ChessBase"]
[SourceQuality "1"]
[TimeControl "40/5400+30:1800+30"]

1. d4 Nf6 2. c4 e6 3. Nc3 Bb4 4. a3 Bxc3+ 5. bxc3 b6 6. f3 O-O 7. e4 Nh5 8. Nh3 f5 9. exf5 exf5 10. Bg5 (10. Bd3 $14) 10... Qe8+ 11. Be2 h6 12. Bc1 d6 13. O-O f4 14. Nf2 Bf5 15. Re1 Qg6 16. Ne4 Nd7 17. Bd3 Rae8 18. Qc2 $11 c6 19. Bd2 Kh8 20. a4 a5 21. Rab1 Qh7 22. Rbd1 g5 23. Bc1 Ng7 24. Ba3 c5 25. Re2 Re6 26. Qb1 Rfe8 27. Rde1 Qg6 28. Qb5 g4 29. Kh1 gxf3 30. gxf3 Qh5 31. Rf1 Bxe4 32. Rxe4 Rxe4 33. fxe4 Qh3 34. Qb1 Nh5 35. Kg1 Rg8+ 36. Kf2 Rg2+ 37. Ke1 Qe3+ {[%emt 0:00:04] Kf2 Rg8#} 0-1

[Event "WYCC 2018 O14"]
[Site "Halkidiki"]
[Date "2018.10.29"]
[Round "10"]
[White "Turcan, Richard"]
[Black "Stremavicius, Pijus"]
[Result "1-0"]
[ECO "B33"]
[WhiteElo "2218"]
[BlackElo "2024"]
[Annotator "NA"]
[PlyCount "91"]
[EventDate "2018.10.20"]
[EventType "swiss"]
[EventCountry "GRE"]
[SourceTitle "playchess.com"]
[Source "ChessBase"]
[SourceQuality "1"]
[TimeControl "40/5400+30:1800+30"]

1. e4 c5 2. Nf3 Nc6 3. d4 cxd4 4. Nxd4 Nf6 5. Nc3 e5 {[%emt 0:00:00] LiveBook: 15323 Games} 6. Ndb5 d6 7. Bg5 a6 8. Na3 b5 9. Bxf6 gxf6 10. Nd5 f5 11. c3 Bg7 12. exf5 Bxf5 13. Nc2 O-O 14. Nce3 Be6 15. Bd3 f5 16. O-O Ne7 17. Nxe7+ Qxe7 18. Bxf5 Bf7 19. Qd3 h6 20. a4 Rab8 21. axb5 axb5 22. Be4 Rfd8 23. Bd5 b4 24. Qg6 (24. Nf5 $142 Qc7 25. c4) 24... Qf6 25. Qxf6 Bxf6 26. Ra7 Rf8 27. Rxf7 Rxf7 28. Nf5 Kf8 29. Bxf7 Kxf7 30. Nxd6+ Ke6 31. Ne4 Be7 32. f3 bxc3 33. bxc3 Rb2 34. Rd1 Bg5 35. Nxg5+ hxg5 36. Rc1 Kd5 37. c4+ Kc5 38. Re1 Kd6 39. Rd1+ Ke6 40. Rc1 Kd6 41. c5+ Kc6 42. h3 Re2 43. Rc4 $18 Kd5 44. c6 g4 45. c7 g3 46. Rc1 1-0

[Event "WYCC 2018 O14"]
[Site "Halkidiki"]
[Date "2018.10.29"]
[Round "10"]
[White "Tengis, Tsog-Ochir"]
[Black "Pogosyan, Stefan"]
[Result "1/2-1/2"]
[ECO "A45"]
[WhiteElo "2205"]
[BlackElo "2373"]
[Annotator "NA"]
[PlyCount "108"]
[EventDate "2018.10.20"]
[EventType "swiss"]
[EventCountry "GRE"]
[SourceTitle "playchess.com"]
[Source "ChessBase"]
[SourceQuality "1"]
[TimeControl "40/5400+30:1800+30"]

1. d4 Nf6 2. g3 c5 3. c3 d5 {[%emt 0:00:04] A45: Trompowsky Attack} (3... e6 4. Bg2 d5 5. Nf3 Be7 6. O-O O-O 7. b3 b6 8. Bb2 Bb7 9. Nbd2 Nc6 10. c4 cxd4 11. Nxd4 Nxd4 12. Bxd4 Rc8 13. Rc1 {1-0 (78) Stupak,K (2578)-Jones,G (2662) Heraklio 2017}) 4. Bg2 Bf5 5. Nf3 e6 6. O-O Nc6 7. Ne5 Qb6 8. e3 $146 ({Predecessor:} 8. Nxc6 bxc6 9. Qa4 Bd6 10. Nd2 cxd4 11. cxd4 O-O 12. Nf3 h6 13. Be3 Rfc8 {0-1 (79) Nguyen,H (1673)-Nguyen,H (2047) Hanoi 2014}) 8... Bd6 9. f4 Rc8 10. g4 Be4 11. Nd2 cxd4 12. exd4 Nxe5 13. fxe5 Bxe5 14. g5 {[%emt 0:01:01] [#]} Bxd4+ $1 15. cxd4 Qxd4+ 16. Kh1 Bxg2+ 17. Kxg2 Ne4 18. Nxe4 Qxe4+ 19. Qf3 Qg6 20. h4 Rc2+ 21. Kg3 h5 22. Bf4 O-O 23. Rac1 Rfc8 24. Rxc2 Rxc2 25. Rf2 Rxf2 26. Qxf2 Qd3+ 27. Qe3 $11 Qb1 28. Be5 Qxa2 29. Bc3 Qb1 30. Qd4 Qg6 31. Kf4 Qf5+ 32. Ke3 Qh3+ 33. Kd2 Qg2+ 34. Kc1 Qf1+ 35. Kc2 Qe2+ 36. Kb3 Qb5+ 37. Ka3 Qa6+ 38. Kb4 Qd6+ 39. Kb3 e5 40. Qxe5 Qxe5 41. Bxe5 Kh7 42. Kc3 Kg6 43. Kd4 f6 44. gxf6 gxf6 45. Bg3 Kf5 46. Kxd5 Kg4 47. Bf2 a5 48. Ke6 f5 49. Be1 a4 50. Ke5 f4 51. Ke4 b5 52. Kd4 Kf3 53. Bd2 Kg3 54. Be1+ Kf3 1/2-1/2

[Event "WYCC 2018 O14"]
[Site "Halkidiki"]
[Date "2018.10.29"]
[Round "10"]
[White "Fecker, Noah"]
[Black "Gavriil, Odysseas-Panagiotis"]
[Result "0-1"]
[ECO "A05"]
[WhiteElo "2184"]
[BlackElo "2009"]
[Annotator "NA"]
[PlyCount "146"]
[EventDate "2018.10.20"]
[EventType "swiss"]
[EventCountry "GRE"]
[SourceTitle "playchess.com"]
[Source "ChessBase"]
[SourceQuality "1"]
[TimeControl "40/5400+30:1800+30"]

1. Nf3 Nf6 2. c4 g6 3. g3 Bg7 4. Bg2 O-O 5. O-O d6 6. Nc3 e5 7. d3 Re8 8. Bg5 h6 9. Bxf6 Bxf6 10. Rb1 {[%emt 0:01:31] A24: English Opening vs King's Indian: Lines without ...Nc6} c6 11. b4 Be6 (11... Bg7 12. b5 c5 13. Nd2 f5 14. Nd5 Kh7 15. a4 Nd7 16. e4 Nf8 17. Nb3 {1-0 (51) Pavlidis,A (2532)-Rakhmanov,A (2667) Tallinn 2016}) 12. Nd2 {[%emt 0:12:47] LiveBook: 3 Partien} Nd7 13. b5 Qc7 14. Qc1 $146 ({Predecessor:} 14. Qc2 Rec8 15. Rfc1 Qd8 16. Qd1 Be7 17. Rc2 {½-½ (54) Deepan Chakkravarthy,J (2396)-Koneru,H (2503) Visakhapatnam 2004}) 14... Be7 15. Qb2 Nc5 16. Rfc1 Qd7 17. Nb3 Nxb3 18. Qxb3 Red8 19. bxc6 bxc6 20. Qb7 Rac8 21. Qxd7 Rxd7 22. e4 Bd8 23. Na4 Kg7 24. Rb2 Be7 25. Nc3 d5 26. exd5 cxd5 27. cxd5 Bxd5 28. Bxd5 Rxd5 29. Nxd5 Rxc1+ 30. Kg2 Bc5 31. Re2 Bd4 32. f4 Rc5 33. Nb4 exf4 34. gxf4 g5 35. fxg5 hxg5 36. Kf3 Kg6 37. Nc2 Rf5+ 38. Kg2 Bc5 39. d4 Bb6 40. Rd2 Rf4 41. d5 Kf6 42. d6 Ke6 43. d7 Ke7 44. a3 a5 45. Ne3 Kd8 46. Nd5 Rd4 47. Rb2 Rxd5 48. Rxb6 Kxd7 49. Kg3 Ke7 50. Kg4 f6 51. Rb3 Ke6 52. Re3+ Re5 53. Rd3 Re2 54. h3 Ke5 55. Rb3 Re4+ 56. Kf3 Rf4+ 57. Kg3 a4 58. Rb5+ Kd4 59. Rb4+ Ke3 60. Rb6 Ke2 61. Re6+ Kd3 62. Rc6 Kd4 63. Kg2 Ke5 64. Kg3 Rd4 65. Rc3 f5 66. Kf3 Rf4+ 67. Kg3 Ke4 68. Rc4+ Ke3 69. Rc5 Rf3+ 70. Kg2 g4 71. hxg4 fxg4 72. Ra5 $19 Rf4 73. Kg3 Rd4 0-1

[Event "WYCC 2018 O14"]
[Site "Halkidiki"]
[Date "2018.10.29"]
[Round "10"]
[White "Vitenberg, Noam Aviv"]
[Black "Nguyen, Huynh Minh Thien"]
[Result "0-1"]
[ECO "A05"]
[WhiteElo "2175"]
[BlackElo "1996"]
[Annotator "NA"]
[PlyCount "146"]
[EventDate "2018.10.20"]
[EventType "swiss"]
[EventCountry "GRE"]
[SourceTitle "playchess.com"]
[Source "ChessBase"]
[SourceQuality "1"]
[TimeControl "40/5400+30:1800+30"]

1. Nf3 Nf6 2. c4 g6 3. Nc3 d5 4. cxd5 Nxd5 5. e4 Nxc3 6. dxc3 Qxd1+ 7. Kxd1 f6 8. Be3 e5 9. Nd2 Be6 10. Bc4 Bxc4 11. Nxc4 Nd7 12. b4 b5 13. Na5 c5 14. a3 Rc8 15. Ke2 Nb6 16. Rhd1 Na4 17. Rac1 Be7 18. Kf3 a6 19. Nb7 O-O 20. Bh6 Rf7 21. Nd6 Bxd6 22. Rxd6 f5 23. Rxa6 fxe4+ 24. Ke3 Rf5 25. Ke2 Nb2 26. Be3 Nd3 27. Rd1 cxb4 28. cxb4 Nxf2 29. Bxf2 Rc2+ 30. Ke3 Rfxf2 31. Kxe4 Rfe2+ 32. Kd5 Rcd2+ 33. Rxd2 Rxd2+ 34. Kxe5 Rxg2 35. h4 Kg7 36. Ra5 Rf2 37. Ke4 Rf5 38. Ra7+ Kh6 39. Rb7 Rh5 40. Kf3 Rxh4 41. Kg3 Rc4 42. Ra7 g5 43. Rb7 Kg6 44. Rxb5 Rc3+ 45. Kf2 Rxa3 46. Rb8 h5 47. b5 Kf5 48. Rc8 Rb3 49. Rc5+ Kg4 50. Kg2 Rb2+ 51. Kg1 h4 52. Kh1 h3 53. Kg1 Kh4 54. Kh1 g4 55. Rc4 Rxb5 56. Kg1 Rb2 57. Kh1 Ra2 58. Rb4 Re2 59. Ra4 Kg3 60. Ra1 Kf2 61. Kh2 Kf3+ 62. Kg1 Kg3 63. Kh1 Re3 64. Rb1 Re4 65. Ra1 Kh4 66. Kg1 Rb4 67. Kh1 g3 68. Rc1 h2 69. Kg2 Rb2+ 70. Kf3 g2 71. Rc4+ Kh3 72. Rc5 Rf2+ 73. Kxf2 g1=Q+ 0-1